Build Order

Why is there no SALT encoding or Overwolf build?

  12  0:00  Probe  
  13  0:07  Probe  
  14  0:18  Pylon  
  15  0:22  Probe  
  15  0:26  Probe  
  16  0:37  Gateway  Probe --> Scouting
  17  0:46  Assimilator  
  17  0:55  Probe  
  18  1:03  Gateway  
  18  1:10  Probe  19 Probes total
  20  1:25  Cybernetics Core  When 1 Gateway finishes
  20  1:33  Zealot  
  21  1:34  Pylon  
  21  1:42  Gateway  
      Adept  When Cybernetics Core finshes start Adept Production
  27  2:10  Mothership Core  @100 Gas
  27  2:17  Gateway  
  29  2:29  Pylon  
Spawning Tool Build Advisor. Get it on Overwolf

Go to:

Details

  • Created by: Silan
  • Published on: Aug 15, 2016
  • Modified on: Aug 15, 2016
  • Patch: Pre-3.8.0
Show

Export as new Build Order

Comments (0)

There are no comments. Be the first!

Create an account to comment!